 Dungeon Crawl Stone Soup version 0.30.1-3-gfc49f6343a (webtiles) character file.

Game seed: 18057616422260873302

258969 spardeous the Peltast (level 18, -1/147 HPs)
             Began as a Demigod Conjurer on Aug 2, 2023.
             Killed from afar by a war gargoyle (39 damage)
             ... with a spray of metal splinters
             ... in the Desolation of Salt.
             The game lasted 02:26:01 (73195 turns).

spardeous the Peltast (Demigod Conjurer)           Turns: 73195, Time: 02:26:01

Health: -1/147     AC: 33    Str: 25    XL:     18   Next: 43%
Magic:  19/37      EV: 10    Int: 36    God:
Gold:   1481       SH: 16    Dex: 16    Spells: 8/37 levels left

rFire   + . .        u - +5 trident (pain)
rCold   + + +        o - +2 kite shield {rC+}
rNeg    . . .        P - +6 scale mail "Hahets" {Fly Dex+6 Slay+2}
rPois   +            A - +2 helmet
rElec   .            K - +2 cloak
rCorr   +            N - +2 pair of gloves
SInv    .            G - +3 pair of mountain boots {steadfast, rC+}
Will    +....        f - amulet of regeneration Stlth
                     v - ring "Mukhlidd" {rPois rF+ Str+2 Int+4 Dex-2}
HPRegen 1.24/turn    R - ring "Fonenywn" {rC+ rCorr AC+4 Str+3 Stlth-}
MPRegen 0.25/turn

%: no passive effects
@: lethally poisoned (-1 -> -12), flying
A: high MP 1, forlorn, divine attributes, screaming 1, no potion heal 1
}: 2/15 runes: serpentine, barnacled
a: no special abilities


You were in the Desolation of Salt.
You visited 6 branches of the dungeon, and saw 32 of its levels.
You also visited: Trove, Sewer, Gauntlet, Ice Cave and Desolation.

You collected 4152 gold pieces.
You spent 2671 gold pieces at shops.

Inventory:

Hand Weapons
 u - a +5 trident of pain (weapon)
 Z - the +4 trident of Demonkind {flame, Str+2 SInv}
   (You took it off a merfolk on level 4 of the Shoals)

   Str:       It affects your strength (+2).
   SInv:      It lets you see invisible.
Armour
 o - a +2 kite shield of cold resistance (worn)
 t - the +2 cloak "Kupsafaf" {rElec rC- rN+ Int+3}
   (You acquired it on level 12 of the Dungeon)

   Int:       It affects your intelligence (+3).
   rC:        It makes you vulnerable to cold.
   rElec:     It insulates you from electricity.
   rN:        It protects you from negative energy.
 A - a +2 helmet (worn)
 G - the +3 pair of mountain boots (worn) {steadfast, rC+}
   (You bought it in a shop on level 2 of the Orcish Mines)

   Steadfast: It prevents involuntary movement, except for blinking,
   teleportation, or banishment.
   rC:        It protects you from cold.
 K - a +2 cloak (worn)
 N - a +2 pair of gloves (worn)
 P - the +6 scale mail "Hahets" (worn) {Fly Dex+6 Slay+2}
   (You found it on level 9 of the Dungeon)

   Dex:       It affects your dexterity (+6).
   Slay:      It affects your accuracy & damage with ranged weapons and melee
   (+2).
   Fly:       It grants you flight.
Jewellery
 f - an amulet of regeneration (around neck)
 p - the ring "Qucak" {Fly Will+ rCorr Stlth+}
   (You found it in a treasure trove)

   [ring of flight]

   Fly:       It grants you flight.
   rCorr:     It protects you from acid and corrosion.
   Will:      It increases your willpower.
   Stlth:     It makes you more stealthy.
 v - the ring "Mukhlidd" (left hand) {rPois rF+ Str+2 Int+4 Dex-2}
   (You found it on level 4 of the Dungeon)

   [ring of protection from fire]

   Str:       It affects your strength (+2).
   Int:       It affects your intelligence (+4).
   Dex:       It affects your dexterity (-2).
   rF:        It protects you from fire.
   rPois:     It protects you from poison.
 I - the ring of Xom's Passing Interest {Dex+5 SInv}
   (You found it in a treasure trove)

   [ring of see invisible]

   Dex:       It affects your dexterity (+5).
   SInv:      It lets you see invisible.
 R - the ring "Fonenywn" (right hand) {rC+ rCorr AC+4 Str+3 Stlth-}
   (You acquired it on level 2 of the Snake Pit)

   [ring of protection]

   AC:        It affects your AC (+4).
   Str:       It affects your strength (+3).
   rC:        It protects you from cold.
   rCorr:     It protects you from acid and corrosion.
   Stlth:     It makes you less stealthy.
 W - the ring "Cinwek" {rElec rN+ Will- rCorr Int+2}
   (You found it in a treasure trove)

   [ring of positive energy]

   Int:       It affects your intelligence (+2).
   rElec:     It insulates you from electricity.
   rN:        It protects you from negative energy.
   rCorr:     It protects you from acid and corrosion.
   Will:      It decreases your willpower.
Wands
 y - a wand of flame (33)
 J - a wand of iceblast (13)
Scrolls
 e - a scroll of brand weapon
 i - 4 scrolls of teleportation
 j - 5 scrolls of immolation
 l - 3 scrolls of fog
 q - a scroll of fear
 r - 5 scrolls of poison
 x - 3 scrolls of amnesia
 B - 6 scrolls of enchant weapon
 D - 2 scrolls of silence
 L - 3 scrolls of torment
 S - 2 scrolls of magic mapping
Potions
 b - a potion of magic
 c - 3 potions of brilliance
 d - 2 potions of attraction
 g - a potion of might
 k - 7 potions of mutation
 m - a potion of resistance
 n - 5 potions of lignification
 s - 2 potions of curing
 w - a potion of haste
 z - 2 potions of berserk rage
 C - 4 potions of cancellation
 H - 10 potions of flight
 O - 10 potions of ambrosia
 X - 3 potions of invisibility
Miscellaneous
 M - a phantom mirror


   Skills:
 - Level 10.1 Fighting
 - Level 12.0 Polearms
 - Level 10.5 Armour
 - Level 1.7 Dodging
 + Level 2.6 Stealth
 - Level 16.3 Shields
 - Level 10.0 Spellcasting
 - Level 6.0 Conjurations
 - Level 6.8 Necromancy
 - Level 10.2 Translocations
 - Level 11.1 Transmutations
 - Level 10.0 Earth Magic


You had 8 spell levels left.
You knew the following spells:

 Your Spells              Type           Power      Damage    Failure   Level
a - Iron Shot             Conj/Erth      33%        9d7       36%         6
b - Stone Arrow           Conj/Erth      100%       3d13      1%          3
c - Searing Ray           Conj           100%       2d8       1%          2
d - Iskenderun's Mystic   Conj/Tloc      66%        2d14      2%          4
e - Anguish               Hex/Necr       21%        N/A       16%         4
f - Leda's Liquefaction   Hex/Erth       26%        N/A       9%          4
g - Statue Form           Tmut/Erth      50%        N/A       13%         6

Your spell library contained the following spells:

 Spells                   Type           Power      Damage    Failure   Level
 Apportation              Tloc           100%       N/A       1%          1
 Foxfire                  Conj/Fire      100%       2x1d9     1%          1
 Magic Dart               Conj           100%       1d8       1%          1
 Necrotise                Necr           100%       1d9       1%          1
 Sandblast                Erth           100%       2d20      1%          1
 Passwall                 Tmut/Erth      63%        N/A       1%          2
 Spider Form              Tmut/Pois      55%        N/A       1%          3
 Vampiric Draining        Necr           61%        2d10      1%          3
 Blade Hands              Tmut           39%        N/A       1%          5
 Portal Projectile        Hex/Tloc       100%       N/A       2%          3
 Lee's Rapid Deconstruct  Erth           37%        3d18*     3%          5
 Dazzling Flash           Conj/Hex       78%        N/A       5%          3
 Irradiate                Conj/Tmut      34%        3d23      5%          5
 Summon Small Mammal      Summ           72%        N/A       6%          1
 Animate Armour           Summ/Erth      100%       N/A       9%          4
 Call Imp                 Summ           36%        N/A       10%         2
 Ensorcelled Hibernation  Hex/Ice        36%        N/A       10%         2
 Agony                    Necr           61%        N/A       11%         5
 Iskenderun's Battlesphe  Conj           57%        2d11      16%         5
 Dispersal                Tloc           37%        N/A       16%         6
 Call Canine Familiar     Summ           18%        N/A       19%         3
 Ozocubu's Armour         Ice            18%        N/A       19%         3
 Summon Guardian Golem    Hex/Summ       18%        N/A       19%         3
 Swiftness                Air            18%        N/A       19%         3
 Tukima's Dance           Hex            18%        N/A       19%         3
 Fulminant Prism          Conj/Hex       19%        3d10      19%         4
 Alistair's Intoxication  Tmut/Pois      36%        N/A       19%         5
 Summon Forest            Summ/Tloc      26%        N/A       22%         5
 Fireball                 Conj/Fire      19%        3d9       45%         5
 Dragon Form              Tmut           39%        N/A       50%         7
 Cause Fear               Hex            9%         N/A       54%         4
 Metabolic Englaciation   Hex/Ice        9%         N/A       87%         5
 Summon Mana Viper        Hex/Summ       18%        N/A       87%         5
 Simulacrum               Ice/Necr       21%        N/A       94%         6
 Starburst                Conj/Fire      19%        6d7       96%         6
 Plasma Beam              Fire/Air       9%         2x1d21    100%        6
 Summon Cactus Giant      Summ           9%         N/A       100%        6
 Enfeeble                 Hex            9%         N/A       100%        7
 Monstrous Menagerie      Summ           9%         N/A       100%        7
 Spellforged Servitor     Conj/Summ      19%        N/A       100%        7


Dungeon Overview and Level Annotations

Branches:
Dungeon (15/15)            Temple (0/1) D:4            Lair (5/5) D:11
 Shoals (4/4) Lair:3        Snake (4/4) Lair:3        Slime (0/5) Lair:5
    Orc (2/2) D:9             Elf (2/3) Orc:2        Vaults (0/5) D:13
 Depths (0/4) D:15          Sewer (visited)           IceCv (visited)
Desolation (1/1)          Gauntlet (visited)

Shops:
D:7 (   D:9 [   Orc:1 [   Orc:2 [:(*   Shoals:1 ?   Snake:2 [[?*


Innate Abilities, Weirdness & Mutations

You have an increased reservoir of magic. (+10% MP)
You shall have no god before yourself.
Your divine heritage dramatically boosts your attributes as you level up.
You occasionally shout uncontrollably at your foes.
Potions are less effective at restoring your health.


Message History

Confirm with . or Enter, or press ? or * to list all spells.
Aiming: Stone Arrow (safe; 1% risk of failure)
Press: ? - help, Shift-Dir - straight line, f/p - gargoyle
Aim: a gargoyle, wielding a +0 morningstar (lightly damaged, 89% to hit)
The stone arrow misses the gargoyle.
The gargoyle barely misses you.
You now have 14/37 mp.
Unknown command.
Casting: Stone Arrow (safe; 1% risk of failure)
Confirm with . or Enter, or press ? or * to list all spells.
Aiming: Stone Arrow (safe; 1% risk of failure)
Press: ? - help, Shift-Dir - straight line, f/p - gargoyle
Aim: a gargoyle, wielding a +0 morningstar (lightly damaged, 89% to hit)
The stone arrow hits the gargoyle!!
You destroy the gargoyle!
Your life force feels restored.
You now have 11/37 mp.
You regained 2 hp, and now have 40/147 hp.
You regained 2 hp, and now have 45/147 hp.
You regained 2 hp, and now have 50/147 hp.
You regained 2 hp, and now have 56/147 hp.
You regained 2 hp, and now have 61/147 hp.
You regained 2 hp, and now have 66/147 hp.
The war gargoyle launches metal splinters at you.
The spray of metal splinters hits you but does no damage.
The war gargoyle launches metal splinters at you.
The spray of metal splinters hits you but does no damage.
The war gargoyle launches metal splinters at you.
The spray of metal splinters hits you but does no damage.
The war gargoyle hits you with a +2 great mace of venom! x2
* * * LOW HITPOINT WARNING * * *
You are poisoned.
You feel very sick.
The war gargoyle hits you with a +2 great mace of venom!
* * * LOW HITPOINT WARNING * * *
You are more poisoned.
You feel extremely sick. You block the war gargoyle's attack.
The war gargoyle launches metal splinters at you.
The spray of metal splinters hits you!!!
You die...

.♣... ..........##
...............).##
.................##
.................##
.................##
.................##
.................##
.................##
...............9@##
###################
###################
###################
###################
###################
###################
###################


You could see a war gargoyle (catching breath).

Vanquished Creatures
  Jorgrun (Elf:1)
  Mlioglotl (Shoals:2)
  A kraken (Shoals:1)
  Polyphemus (Shoals:2)
  Kirke (Snake:1)
  Roxanne (Snake:3)
  Donald (Snake:4)
  2 nagarajas (Snake:4)
  Louise (Snake:3)
  A frost giant (IceCv)
  2 orc warlords
  A minotaur (Gauntlet)
  A deep elf demonologist (Elf:1)
  7 merfolk impalers
  A fire dragon (Lair:5)
  3 merfolk javelineers (Shoals:4)
  Josephine (D:13)
  A servant of whispers (Desolation)
  4 vault guards
  3 salamander tyrants (Snake:4)
  2 ice dragons (D:15)
  2 peacekeepers (Elf:2)
  7 hydras
  2 ogre magi (D:15)
  An alligator snapping turtle (Shoals:1)
  7 centaur warriors
  2 merfolk avatars
  7 catoblepae
  5 boulder beetles
  3 dancing weapons (Elf:1)
  18 anacondas
  17 naga warriors
  A hell hog (Gauntlet)
  The ghost of javelincjr the Fighter, a novice DsGl of Makhleb (D:9)
  A merfolk aquamancer (Shoals:4)
  A satyr (Shoals:4)
  8 two-headed ogres
  24 death yaks
  2 tengu warriors (D:15)
  12 naga sharpshooters
  9 shock serpents
  2 deep elf knights (Elf:1)
  2 orc high priests (Orc:2)
  Sonja (D:13)
  Amaemon (Lair:3)
  6 skysharks
  11 sea snakes
  4 salamander mystics (Snake:4)
  9 skeletal warriors
  2 deep elf archers (Elf:1)
  An ironbound convoker (Desolation)
  3 bog bodies (Shoals:4)
  7 lindwurms
  5 mana vipers
  8 naga ritualists
  Pikel (D:8)
  8 harpies
  8 orc knights
  12 deep elf zephyrmancers
  2 ugly things
  23 fauns
  A wolf spider zombie (D:15)
  14 deep elf pyromancers
  3 oklob plants (Lair:5)
  11 cyclopes
  11 manticores
  5 orc sorcerers
  An ice statue (IceCv)
  14 slime creatures
  15 salamanders
  5 water nymphs
  41 black mambas
  4 molten gargoyles
  3 merfolk sirens
  13 naga magi
  8 guardian serpents
  11 centaur zombies (D:15)
  5 kobold demonologists
  An orange demon (Lair:3)
  A gargoyle (Desolation)
  7 cane toads
  An unseen horror (D:13)
  6 komodo dragons
  7 rime drakes (IceCv)
  4 tengu conjurers
  2 freezing wraiths
  10 trolls
  14 merfolk
  2 queen bees
  9 polar bears
  3 wind drakes
  12 saltlings (Desolation)
  6 snapping turtles
  Prince Ribbit (D:5)
  2 meliai zombies (D:15)
  10 blink frogs (Lair:4)
  8 dream sheep
  A raiju (Gauntlet)
  Sigmund (D:3)
  8 wraiths
  A ynoxinul (Gauntlet)
  2 air elementals
  7 shadows
  4 fire bats (Gauntlet)
  2 vampires (D:13)
  5 water elementals
  13 wyverns
  38 yaks
  4 hogs (Snake:1)
  4 steam dragons
  5 basilisks
  8 redbacks (Elf:1)
  The ghost of 0gre the Chiller, an amateur DsIE (D:4)
  Edmund (D:3)
  13 wargs
  6 vampire mosquitoes
  37 nagas
  Duvessa (D:5)
  10 water moccasins
  8 hell hounds
  A meliai simulacrum (D:14)
  45 orc warriors
  5 ice beasts
  2 sky beasts
  2 black bears
  13 ogres
  18 wolves
  A phantom (D:4)
  A centaur (D:9)
  3 lemures (D:8)
  6 kobold brigands
  17 bullfrogs
  6 gnoll sergeants
  10 scorpions
  19 wights
  Dowan (D:5)
  27 killer bees
  An electric eel (D:14)
  10 howler monkeys
  8 lava snakes
  6 hounds
  Crazy Yiuf (D:5)
  3 jellies
  9 orc priests
  3 iron imps (Gauntlet)
  4 gnoll boudas (D:11)
  3 iguanas
  A sleepcap (D:7)
  26 orc wizards
  A boggart zombie (D:15)
  A hell rat (Sewer)
  Terence (D:3)
  Robin (D:4)
  16 gnolls
  7 adders
  A river rat (Sewer)
  A shadow imp (D:7)
  A white imp (D:8)
  2 worms (D:6)
  2 dart slugs
  63 orcs
  6 endoplasms
  13 goblins
  17 hobgoblins
  6 jackals
  5 kobolds
  2 quokkas
  5 ball pythons
  4 bats
  3 frilled lizards
  7 rats
  2 tentacles (Shoals:1)
1153 creatures vanquished.

Vanquished Creatures (others)
  The ghost of 0gre the Thaumaturge, a journeyman GnIE of Gozag (Lair:5)
  A ragged hierophant (Desolation)
  A hydra (Lair:5)
  A deep elf zephyrmancer (Elf:1)
  A manticore (Shoals:1)
  A merfolk (Shoals:4)
  A saltling (Desolation)
  2 tentacles (Shoals:1)
9 creatures vanquished.

Grand Total: 1162 creatures vanquished

Notes
Turn   | Place    | Note
-------+----------+-------------------------------------------
     0 | D:1      | spardeous the Demigod Conjurer began the quest for the Orb.
     0 | D:1      | Reached XP level 1. HP: 14/14 MP: 5/5
   380 | D:1      | Reached XP level 2. HP: 20/20 MP: 5/7
  1641 | D:2      | Reached XP level 3. HP: 26/26 MP: 6/9
  2309 | D:2      | Reached XP level 4. HP: 26/33 MP: 4/10
  2791 | D:3      | Reached skill level 5 in Conjurations
  2795 | D:3      | Learned a level 3 spell: Stone Arrow
  3154 | D:3      | Noticed Terence
  3176 | D:2      | Learned a level 2 spell: Searing Ray
  3353 | D:3      | Killed Terence
  3608 | D:3      | Noticed Sigmund
  3615 | D:3      | Killed Sigmund
  3616 | D:3      | Reached skill level 1 in Earth Magic
  3616 | D:3      | Reached XP level 5. HP: 32/38 MP: 1/12
  3891 | D:4      | Noticed Edmund
  3961 | D:3      | Killed Edmund
  3962 | D:3      | Reached XP level 6. HP: 26/45 MP: 1/13
  4418 | D:4      | Identified the ring "Mukhlidd" {rPois rF+ Str+2 Int+4
                  | Dex-2}
  4483 | D:4      | Found a staircase to the Ecumenical Temple.
  4542 | D:4      | Reached XP level 7. HP: 50/50 MP: 6/16
  4714 | D:4      | Noticed Robin
  4859 | D:4      | Killed Robin
  5559 | D:4      | Found a runed translucent door.
  5559 | D:4      | Noticed 0gre's ghost (amateur DsIE)
  5700 | D:4      | Noticed a wyvern
  5738 | D:5      | Entered Level 5 of the Dungeon
  5991 | D:5      | Noticed Duvessa
  5991 | D:5      | Noticed Dowan
  5998 | D:5      | Killed Dowan
  6001 | D:5      | Killed Duvessa
  6155 | D:5      | Noticed Prince Ribbit
  6163 | D:5      | Killed Prince Ribbit
  6164 | D:5      | Reached skill level 5 in Spellcasting
  6164 | D:5      | Reached skill level 5 in Earth Magic
  6164 | D:5      | Reached XP level 8. HP: 37/57 MP: 9/19
  6307 | D:5      | Found a runed translucent door.
  6308 | D:5      | Noticed Crazy Yiuf
  6619 | D:5      | Noticed a two-headed ogre
  6624 | D:5      | Killed a two-headed ogre
  6726 | D:5      | Reached XP level 9. HP: 55/62 MP: 9/23
  6899 | D:5      | Noticed a two-headed ogre
  7033 | D:5      | Killed a two-headed ogre
  7450 | D:5      | Learned a level 4 spell: Iskenderun's Mystic Blast
  7654 | D:6      | Found a glowing drain.
  7687 | Sewer    | Entered a sewer
  9537 | D:4      | Killed 0gre's ghost
  9538 | D:4      | Reached XP level 10. HP: 63/69 MP: 2/26
  9902 | D:5      | Killed Crazy Yiuf
 10202 | D:7      | Noticed a boulder beetle
 10256 | D:7      | Found Astraad's Antique Weapon Boutique.
 10270 | D:7      | Reached skill level 1 in Translocations
 11326 | D:8      | Noticed Pikel
 11330 | D:8      | Killed Pikel
 11520 | D:8      | Reached skill level 5 in Translocations
 12662 | D:9      | Found a runed translucent gate.
 12663 | D:9      | Found a runed translucent gate.
 12664 | D:9      | Found a runed translucent gate.
 12670 | D:9      | Noticed javelincjr's ghost (novice DsGl)
 12956 | D:9      | Found a staircase to the Orcish Mines.
 12956 | D:9      | Found Piujed's Armour Boutique.
 13321 | D:9      | Reached XP level 11. HP: 39/74 MP: 0/28
 13658 | D:9      | Identified the +6 scale mail "Hahets" {Fly Dex+6 Slay+2}
 14369 | D:10     | Entered Level 10 of the Dungeon
 14382 | D:10     | Noticed a two-headed ogre
 14387 | D:10     | Killed a two-headed ogre
 14733 | D:10     | Noticed a two-headed ogre
 14737 | D:10     | Killed a two-headed ogre
 15140 | D:10     | Learned a level 2 spell: Passwall
 15643 | D:11     | Found a staircase to the Lair.
 15659 | D:11     | Reached skill level 10 in Translocations
 16157 | D:11     | Noticed a skeletal warrior
 16158 | D:11     | Noticed a skeletal warrior
 16178 | D:11     | Killed a skeletal warrior
 16178 | D:11     | Killed a skeletal warrior
 16644 | D:11     | Noticed a skeletal warrior
 16645 | D:11     | Noticed a skeletal warrior
 16658 | D:11     | Killed a skeletal warrior
 16659 | D:11     | Reached skill level 5 in Armour
 17552 | D:11     | Reached skill level 1 in Fighting
 17553 | D:11     | Noticed a two-headed ogre
 17560 | D:11     | Killed a two-headed ogre
 17622 | D:11     | Reached XP level 12. HP: 89/89 MP: 7/29
 18143 | D:11     | Reached skill level 5 in Fighting
 19099 | D:12     | Found a portal to a secret trove of treasure.
 19241 | D:12     | Identified 2 scrolls of acquirement
 19261 | D:12     | Got Acupnauv's Tractate on Orientation and Excavation
 20061 | D:12     | Acquired 756 gold pieces
 20065 | D:12     | Acquired the +2 cloak "Kupsafaf" {rElec rC- rN+ Int+3}
 20300 | Lair:1   | Entered Level 1 of the Lair of Beasts
 20514 | Lair:1   | Reached skill level 10 in Spellcasting
 21263 | Lair:2   | Identified the +0 ring mail "Evejivod" {rF+ Dex+3}
 21422 | Lair:2   | Reached skill level 1 in Transmutations
 21669 | Lair:2   | Noticed a five-headed hydra
 21823 | Lair:2   | Killed a five-headed hydra
 22509 | Lair:3   | Found a gate leading to a gauntlet.
 22516 | Gauntlet | Entered a Gauntlet
 22516 | Gauntlet | Found a transporter.
 22636 | Gauntlet | Found a transporter.
 22640 | Gauntlet | Found a transporter.
 22648 | Gauntlet | Found a transporter.
 22652 | Gauntlet | Found a transporter.
 22660 | Gauntlet | Found a transporter.
 22664 | Gauntlet | Found a transporter.
 22671 | Gauntlet | Found a runed translucent door.
 22674 | Gauntlet | Found a transporter.
 22677 | Gauntlet | Found a transporter.
 22685 | Gauntlet | Found a transporter.
 22715 | Gauntlet | Found a transporter.
 22727 | Gauntlet | Found a transporter.
 22740 | Gauntlet | Found a transporter.
 22753 | Gauntlet | Found a transporter.
 22794 | Gauntlet | Learned a level 6 spell: Statue Form
 22801 | Gauntlet | Learned a level 6 spell: Iron Shot
 22864 | Gauntlet | Reached skill level 10 in Earth Magic
 23182 | Gauntlet | Reached XP level 13. HP: 90/103 MP: 15/31
 23262 | Gauntlet | Reached skill level 5 in Transmutations
 23517 | Gauntlet | Noticed a minotaur
 23527 | Gauntlet | Killed a minotaur
 23763 | Lair:3   | Found a staircase to the Shoals.
 25018 | Lair:3   | Found a staircase to the Snake Pit.
 25361 | Lair:3   | Noticed Amaemon
 25372 | Lair:3   | Killed Amaemon
 26241 | Lair:3   | Learned a level 4 spell: Anguish
 27483 | Lair:4   | Reached skill level 5 in Necromancy
 27725 | Lair:5   | Entered Level 5 of the Lair of Beasts
 28821 | Lair:5   | Found a runed translucent gate.
 28822 | Lair:5   | Found a runed translucent gate.
 28825 | Lair:5   | Noticed 0gre's ghost (journeyman GnIE)
 28960 | Lair:5   | Found a runed translucent gate.
 28972 | Lair:5   | Reached skill level 1 in Shields
 29086 | Lair:5   | Found a staircase to the Slime Pits.
 29281 | Lair:5   | Reached skill level 2 in Shields
 29416 | Lair:5   | Reached skill level 3 in Shields
 29416 | Lair:5   | Reached XP level 14. HP: 95/111 MP: 6/32
 29573 | Lair:5   | Found a large runed translucent door.
 29588 | Lair:5   | Reached skill level 4 in Shields
 29742 | Lair:5   | Found a large runed translucent door.
 30089 | Lair:5   | Reached skill level 5 in Shields
 31020 | D:9      | Bought a +0 pair of gloves for 63 gold pieces
 31030 | Orc:1    | Entered Level 1 of the Orcish Mines
 31041 | Orc:1    | Paralysed by an orc sorcerer for 4 turns
 31042 | Orc:1    | Reached skill level 6 in Shields
 31079 | Orc:1    | Found a frozen archway.
 31097 | Orc:1    | Found Deqotooc's Armour Shoppe.
 31130 | IceCv    | Entered an ice cave
 31300 | IceCv    | Reached skill level 7 in Shields
 31712 | IceCv    | Identified the ring "Geanger" {*Slow rC+ Int+2 Dex+3}
 31739 | IceCv    | Noticed a frost giant
 31987 | IceCv    | Killed a frost giant
 31988 | IceCv    | Reached skill level 8 in Shields
 32955 | Orc:1    | Reached skill level 9 in Shields
 33053 | Orc:2    | Entered Level 2 of the Orcish Mines
 33053 | Orc:2    | Found Arabbao's Book Shop.
 33315 | Orc:2    | Noticed an orc warlord
 33869 | Orc:2    | Noticed an orc warlord
 34076 | Orc:1    | Killed an orc warlord
 34526 | Orc:2    | Killed an orc warlord
 34527 | Orc:2    | Reached skill level 10 in Shields
 35201 | Orc:2    | Found Monas's Antique Weapon Boutique.
 35348 | Orc:2    | Found Utiac's General Store.
 35356 | Orc:2    | Bought a scroll of identify for 32 gold pieces
 35356 | Orc:2    | Bought a scroll of identify for 32 gold pieces
 35362 | Orc:2    | Found a staircase to the Elven Halls.
 35446 | Orc:2    | Found Fexoshrohyne's Antique Armour Emporium.
 35454 | Orc:2    | Bought the +3 pair of mountain boots {steadfast, rC+} for
                  | 938 gold pieces
 35454 | Orc:2    | Found the +3 pair of mountain boots {steadfast, rC+}
 36716 | D:9      | Killed javelincjr's ghost
 37412 | D:13     | Reached skill level 10 in Transmutations
 37434 | D:13     | Identified the +2 dagger of Resourcefulness {pain, Will-
                  | Int+5}
 37852 | Lair:5   | Killed 0gre's ghost
 37853 | Lair:5   | Reached XP level 15. HP: 116/116 MP: 5/33
 37964 | Lair:5   | Identified the +1 broad axe "Emnapoom" {freeze, rC+ Will-
                  | Str+4 Dex+3}
 39523 | D:13     | Found a gate to the Vaults.
 39635 | D:13     | Noticed Josephine
 39645 | D:13     | Killed Josephine
 39813 | D:13     | Noticed Sonja
 39821 | D:13     | Killed Sonja
 39956 | Orc:2    | Bought a shimmering glaive for 402 gold pieces
 39956 | Orc:2    | Identified the +7 glaive "Upyst" {protect, Str+3 Dex+2}
                  | (You bought it in a shop on level 2 of the Orcish Mines)
 40130 | D:13     | Reached skill level 1 in Polearms
 41566 | D:14     | Identified the +0 plate armour of Entitlement {Harm}
 42248 | D:14     | Reached skill level 5 in Polearms
 42369 | D:15     | Entered Level 15 of the Dungeon
 44047 | D:15     | Found a staircase to the Depths.
 45357 | Shoals:1 | Entered Level 1 of the Shoals
 45786 | Shoals:1 | Found Vafuness's Magic Scroll Shop.
 46145 | Shoals:1 | Bought a scroll of identify for 28 gold pieces
 46328 | Orc:2    | Bought a scroll of fear for 64 gold pieces
 46328 | Orc:2    | Bought a scroll of fear for 64 gold pieces
 46328 | Orc:2    | Bought a scroll of teleportation for 48 gold pieces
 46328 | Orc:2    | Bought a potion of brilliance for 64 gold pieces
 46444 | D:12     | You paid a toll of 5 scrolls of fear to enter a treasure
                  | trove
 46445 | Trove    | Entered a treasure trove
 46461 | Trove    | Identified the ring "Jyre" {rCorr Str+3 Dex+6 Stlth-}
 46473 | Trove    | Identified the ring "Cinwek" {rElec rN+ Will- rCorr Int+2}
 46475 | Trove    | Identified the ring "Qucak" {Fly Will+ rCorr Stlth+}
 46477 | Trove    | Identified the amulet "Lonoz" {Spirit Rampage Will++}
 46482 | Trove    | Identified the ring of Xom's Passing Interest {Dex+5 SInv}
 47150 | Shoals:1 | Reached XP level 16. HP: 128/128 MP: 30/35
 47506 | Shoals:1 | Noticed a kraken
 47517 | Shoals:1 | Killed a kraken
 47862 | Shoals:1 | Reached skill level 10 in Polearms
 49151 | Shoals:2 | Noticed Polyphemus
 49203 | Shoals:2 | Killed Polyphemus
 50056 | Shoals:3 | Noticed Mlioglotl
 50091 | Shoals:2 | Gained mutation: You occasionally shout uncontrollably at
                  | your foes. [a neqoxec]
 50095 | Shoals:2 | Gained mutation: Potions are less effective at restoring
                  | your health. [a neqoxec]
 51835 | Shoals:4 | Entered Level 4 of the Shoals
 54378 | Shoals:4 | Identified the +4 trident of Demonkind {flame, Str+2 SInv}
 54521 | Shoals:4 | Got a barnacled rune of Zot
 55642 | Shoals:4 | Reached skill level 10 in Armour
 56210 | Shoals:2 | Noticed a bone dragon
 56219 | Shoals:2 | Killed Mlioglotl
 56318 | Snake:1  | Entered Level 1 of the Snake Pit
 56389 | Snake:1  | Noticed Kirke
 56439 | Snake:1  | Noticed a sphinx
 56444 | Snake:1  | Killed Kirke
 56593 | Snake:1  | Reached XP level 17. HP: 103/134 MP: 36/36
 56924 | Snake:1  | Reached skill level 11 in Shields
 59169 | Snake:2  | Found Uperphofe's Magic Scroll Shoppe.
 59169 | Snake:2  | Found Lavehav's Antique Armour Emporium.
 59171 | Snake:2  | Found Ulo Ycod's Assorted Antiques.
 59175 | Snake:2  | Found Xeodeafe's Antique Armour Emporium.
 59252 | Snake:2  | Bought a scroll of acquirement for 936 gold pieces
 59255 | Snake:2  | Acquired the ring "Fonenywn" {rC+ rCorr AC+4 Str+3 Stlth-}
 59300 | Snake:2  | Reached skill level 12 in Shields
 61864 | Snake:3  | Noticed Louise
 61882 | Snake:3  | Killed Louise
 62040 | Snake:3  | Reached skill level 13 in Shields
 62896 | Snake:3  | Noticed Roxanne
 63033 | Snake:3  | Killed Roxanne
 63042 | Snake:3  | Learned a level 4 spell: Leda's Liquefaction
 63178 | Snake:4  | Entered Level 4 of the Snake Pit
 64310 | Snake:4  | Reached skill level 14 in Shields
 65833 | Snake:4  | Noticed Donald
 65851 | Snake:4  | Killed Donald
 67218 | Snake:4  | Reached skill level 15 in Shields
 67953 | Snake:4  | Paralysed by a naga for 4 turns
 69354 | Snake:4  | Reached XP level 18. HP: 136/141 MP: 21/37
 70267 | Snake:4  | Reached skill level 16 in Shields
 70650 | Snake:4  | Got a serpentine rune of Zot
 71218 | Elf:1    | Entered Level 1 of the Elven Halls
 71676 | Elf:1    | Noticed Jorgrun
 71679 | Elf:1    | Paralysed by an air elemental for 1 turns
 71684 | Elf:1    | Killed Jorgrun
 72421 | Elf:1    | Got the Secrets of the Quahog
 72784 | Elf:2    | Paralysed by an air elemental for 1 turns
 72789 | Elf:2    | Paralysed by an air elemental for 1 turns
 72846 | Elf:2    | Found a crumbling gateway.
 73001 | Desolati | Entered the Desolation of Salt
 73062 | Desolati | Reached skill level 10 in Fighting
 73144 | Desolati | HP: 5/146 [servant of whispers/bolt of lightning[a halazid
                  | warlock] (17)]
 73195 | Desolati | Killed from afar by a war gargoyle

Illustrated notes

Levels and vault maps discovered:
D:1:      scummos_arrival_star, layout_basic,
          nicolae_concentric_dashed_squares_wild, minmay_misc_feat_square
D:2:      minmay_inner_zag, layout_loops_ring, basic_altar, st_stairs_4
D:3:      layout_loops_corners, minmay_misc_feat_hallway, uniq_terence,
          uniq_sigmund
D:4:      layout_layer_cave, minmay_temple_entry_fiery,
          ebering_ghost_inner_flame, uniq_edmund, uniq_robin
D:5:      kennysheep_windowed_halls, layout_basic, grunt_temple_overflow_open,
          uniq_prince_ribbit1, uniq_duvessa, uniq_crazy_yiuf_cottage
D:6:      layout_basic, cheibrodos_sewer_entry_bend
D:7:      layout_rooms, serial_shops, shop, minmay_microvault
D:8:      layout_cave_pools, uniq_pikel
D:9:      layout_cave_pools, mainiacjoe_overflow_paths, orc_david_3,
          gammafunk_ghost_spectres, special_room [special_room_bee]
D:10:     layout_loops_ring, nicolae_wu_jian_immortal_techniques,
          nicolae_figureground_sparkle
D:11:     lemuel_castle_with_subvaults [lemuel_castle_interior_carwin_3],
          layout_stronghold, david_lair_generic
D:12:     layout_cave_pods, enter_trove_0
D:13:     layout_small_grid, lightli_vaults_fourway_checkpoint,
          roderic_lattice_a, uniq_sonja, uniq_josephine
D:14:     layout_basic
D:15:     grunt_enter_depths_hoard, layout_layer_cave, serial_park_square3
          [serial_park_minivault_5x5_3], nicolae_yredelemnul_corpse_copse
Lair:1:   layout_cave_shapes, serial_bayou_shore_b
Lair:2:   layout_regular_city
Lair:3:   layout_small_grid, nicolae_shoals_entry_flooding,
          nicolae_snake_entry_warm_welcome, gauntlet_entry_generic,
          beast_lair_carwin_1, grunt_megastairs_3, infiniplex_staircase_pool_2,
          uniq_amaemon
Lair:4:   layout_hall_layers
Lair:5:   cheibrodos_lair_end_hotspot, layout_cave_pods,
          minmay_slime_entry_oklob_open, gammafunk_ghost_hydra_chop
Shoals:1: layout_shoals, serial_shops, nicolae_diamond_shop
Shoals:2: nzn_motion_control, layout_shoals, uniq_polyphemus
Shoals:3: layout_shoals, uniq_mlioglotl
Shoals:4: shoals_end_grunt_garden, layout_shoals, nicolae_shoals_secluded_bog
Snake:1:  layout_misc_corridors, uniq_kirke
Snake:2:  layout_layer_cave, minmay_shoptagon
Snake:3:  layout_rooms, lemuel_fruit_tree, grunt_megastairs_2, uniq_louise,
          uniq_roxanne
Snake:4:  snake_pit_salamanders_mu, layout_cave_town, uniq_donald
Orc:1:    layout_caves, serial_shops, shop, portal_ice_cave_entry_pillars_2,
          trog_butcher_becter
Orc:2:    grunt_orc_gardens, layout_caves, grunt_orc_garden, grunt_orc_garden,
          grunt_orc_garden, grunt_orc_garden, mines1_david
Elf:1:    minmay_elf_arrival_plus, layout_geoelf_grid, minmay_elf_demonology,
          drop_trap, grunt_ministairs_11, uniq_jorgrun
Elf:2:    nicolae_elf_blades_crystal_corner, layout_onion_city,
          portal_desolation_entry_twin_temple, lemuel_upstairs_altar
Desolation

Skill      XL: |  1  2  3  4  5  6  7  8  9 10 11 12 13 14 15 16 17 18 |
---------------+-------------------------------------------------------+-----
Spellcasting   | 2 3 4 5 6 8 10 | 10.0
Conjurations   | 4 6 |  6.0
Earth Magic    | 1 2 3 5 7 9 10 | 10.0
Translocations | 8 10 | 10.2
Armour         | 6 10 | 10.5
Fighting       | 3 6 8 10 | 10.1
Transmutations | 4 8 10 11 | 11.1
Necromancy     | 6 |  6.8
Shields        | 3 10 15 16 | 16.3
Polearms       | 9 12 | 12.0
Stealth        | 2 |  2.6
Dodging        | |  1.7

Action                     |  1- 3 |  4- 6 |  7- 9 | 10-12 | 13-15 | 16-18 || total
---------------------------+-------+-------+-------+-------+-------+-------++-------
  Melee: Unarmed           |     8 |       |       |       |       |     4 ||    12
         Dagger            |     7 |       |       |       |       |       ||     7
         Short sword       |       |     2 |     2 |       |       |       ||     4
         Staff             |       |       |       |    41 |       |       ||    41
         Spear             |       |       |       |    26 |   798 |   371 ||  1195
         Punch             |       |       |       |     1 |       |       ||     1
         Trident           |       |       |       |       |       |   335 ||   335
   Cast: Magic Dart        |    93 |    47 |   111 |    65 |       |       ||   316
         Searing Ray       |       |     9 |    43 |    49 |       |       ||   101
         Stone Arrow       |       |     6 |    15 |    19 |    24 |    68 ||   132
         Iskenderun's Myst |       |       |     5 |   316 |   749 |   804 ||  1874
         Statue Form       |       |       |       |       |    11 |     3 ||    14
         Anguish           |       |       |       |       |     1 |       ||     1
         Leda's Liquefacti |       |       |       |       |       |     2 ||     2
  Evoke: Wand              |       |       |       |     4 |     1 |       ||     5
    Use: Scroll            |       |       |       |    24 |    13 |    23 ||    60
         Potion            |       |       |       |       |     1 |    30 ||    31
   Stab: Invisible         |       |       |       |       |       |     1 ||     1
         Confused          |       |       |       |       |       |     1 ||     1
 Armour: Ring mail         |    25 |    11 |    49 |    61 |       |       ||   146
         Scale mail        |       |       |       |   179 |   716 |   571 ||  1466
         Skin              |       |       |       |       |    78 |    33 ||   111
  Dodge: Dodged            |    38 |    27 |    63 |   183 |   454 |   356 ||  1121
  Block: Kite shield       |       |       |       |       |   473 |   665 ||  1138
